Map: Inferno Pools (Void)

Players

Intrusive

  • Race: Zerg Zerg
  • League: Grandmaster

Javert - Winner!

  • Race: Zerg Zerg
  • League: Grandmaster

VOD

Have the link to the VOD?

Description

Time

  • Played on: June 13, 2015, 9:46 p.m.
  • Length: 12:06
Show
View Real Time Build Order
Export as new Build Order

Intrusive Zerg 

Build Orders: Pool First, Lurkers 

Get SALT Encoding   

  12  0:01  Drone  
  13  0:08  Drone  
  14  0:17  Drone, Extractor  
  15  0:32  Spawning Pool  
  14  0:37  Extractor  
  14  0:38  Extractor  
  14  0:39  Drone  
  14  0:41  Drone  
  16  1:03  Hatchery  
  15  1:09  Overlord  
  15  1:19  Extractor  
  15  1:22  Extractor  
  15  1:23  Zergling x2  
  15  1:29  Queen  
  15  1:31  Zergling x2  
  18  1:33  Drone  
  19  1:42  Spine Crawler  
  19  1:44  Drone  
  19  1:51  Drone  
  20  1:58  Overlord  
  20  2:11  Queen  
  22  2:16  Drone  
  23  2:25  Metabolic Boost  
  23  2:28  Drone  
  24  2:40  Drone x3  
  27  2:50  Zergling x6  
  30  2:57  Zergling x4  
  32  3:10  Zergling x8  
  36  3:21  Overlord  
  34  3:39  Drone x2  
  34  3:40  Drone  
  37  3:42  Drone x3, Baneling Nest  
  39  3:53  Overlord  
  39  3:54  Drone x2  
  41  3:59  Drone x2  
  43  4:06  Overlord  
  43  4:10  Lair  
  41  4:28  Drone x3  
  41  4:29  Drone x4  
  48  4:33  Drone x3  
  51  4:42  Queen  
  53  4:47  Roach Warren  
  52  4:55  Overlord  
  52  4:56  Drone x3  
  52  4:57  Extractor  
  52  4:59  Extractor  
  52  5:18  Drone x4  
  52  5:19  Overlord x2  
  56  5:22  Extractor  
  56  5:27  Drone x3  
  58  5:31  Glial Reconstitution  
  52  5:37  Zergling x2  
  52  5:38  Zergling x4  
  55  5:51  Hatchery, Roach  
  55  5:52  Roach x6  
  55  5:55  Overseer  
  68  6:00  Roach x3  
  73  6:20  Drone x2, Hydralisk Den  
  74  6:42  Roach x4  
  74  6:43  Overlord  
  74  6:44  Hatchery, Overlord x2  
  81  6:56  Lurker Den  
  81  6:57  Overlord  
  81  6:58  Overlord  
  80  7:16  Hydralisk x9  
  98  7:31  Overlord  
  98  7:32  Roach x3  
  106  7:44  Roach x6  
  116  7:56  Queen  
  116  7:57  Drone x3  
  121  8:18  Overlord x2  
  121  8:22  Lurker x4  
  121  8:27  Roach x4  
  133  8:43  Roach  
  133  8:44  Roach x7  
  133  8:47  Drone x2  
  151  8:55  Overlord x4  
  134  9:20  Hydralisk x6  
  134  9:21  Hydralisk x2  
  145  9:29  Spore Crawler  
  145  9:30  Drone x3  
  145  9:31  Drone x3, Spore Crawler  
  140  9:32  Spore Crawler  
  140  9:33  Spore Crawler  
  108  9:56  Hydralisk  
  108  9:57  Hydralisk x6  
  98  10:06  Drone x2  
  98  10:07  Spore Crawler, Drone x3  
  94  10:18  Hydralisk x4  
  102  10:27  Roach x4  
  110  10:35  Lurker  
  111  10:45  Drone  
  111  10:46  Drone x6  
  111  10:48  Extractor  
  111  10:49  Extractor  
  116  11:05  Roach x9  
  134  11:14  Lurker x2  
  134  11:17  Roach  
  134  11:18  Roach x3  
  144  11:29  Overlord  
  144  11:30  Overlord  
Show
View Real Time Build Order
Export as new Build Order

Javert Zerg - Winner!

Build Orders: Hatch First, Muta Ling Bane 

Get SALT Encoding   

  12  0:01  Drone  
  13  0:13  Overlord  
  13  0:18  Drone  
  14  0:32  Drone x2  
  16  0:51  Hatchery  
  16  0:52  Drone  
  16  0:57  Extractor  
  15  1:11  Spawning Pool  
  15  1:14  Drone  
  15  1:20  Drone x2  
  17  1:29  Drone  
  18  1:37  Overlord  
  18  1:47  Drone  
  19  1:58  Metabolic Boost  
  19  1:59  Queen  
  21  2:07  Queen  
  23  2:22  Zergling x8  
  27  2:25  Zergling x2  
  28  2:36  Drone x3  
  31  2:51  Drone x2  
  33  3:01  Overlord  
  33  3:09  Baneling Nest  
  33  3:11  Drone  
  33  3:12  Drone x2  
  35  3:32  Drone x7  
  35  3:33  Drone  
  42  3:55  Spine Crawler  
  41  3:57  Zergling x8  
  44  4:02  Spine Crawler  
  44  4:09  Overlord x2  
  43  4:15  Baneling x2  
  43  4:16  Baneling  
  41  4:41  Overlord  
  41  4:42  Drone x3  
  44  4:57  Drone  
  44  4:58  Drone x8  
  53  5:03  Extractor  
  52  5:20  Zergling x8  
  52  5:21  Zergling x8  
  60  5:24  Extractor  
  59  5:29  Hatchery  
  57  5:35  Overlord  
  57  5:36  Overlord  
  57  5:37  Lair  
  57  5:40  Extractor  
  56  5:43  Evolution Chamber  
  56  5:45  Baneling  
  56  5:46  Baneling x3  
  56  5:48  Overlord  
  56  5:49  Drone  
  57  5:50  Drone x2  
  57  5:53  Queen  
  60  6:01  Evolution Chamber  
  58  6:13  Drone x7  
  65  6:53  Zergling x4  
  65  6:54  Zergling x20  
  76  6:57  Spire  
  75  7:04  Zergling x4  
  77  7:08  Spine Crawler  
  76  7:24  Drone x8, Extractor  
  76  7:25  Extractor  
  82  7:33  Overlord x2  
  82  7:45  Overseer  
  82  8:00  Overlord  
  82  8:01  Overlord x2  
  82  8:09  Centrifical Hooks  
  82  8:10  Mutalisk x8  
  82  8:11  Mutalisk x4  
  106  8:30  Drone x10  
  116  8:34  Burrow  
  116  8:37  Mutalisk x3  
  100  9:12  Overseer x2  
  97  9:38  Mutalisk x8  
  109  9:51  Hatchery  
  106  10:06  Hatchery  
  105  10:10  Extractor  
  105  10:11  Hatchery  
  103  10:15  Queen  
  105  10:24  Mutalisk x2  
  109  10:34  Overseer  
  109  10:41  Zergling x16  
  117  10:51  Zergling x10  
  117  10:55  Drone  
  117  10:56  Drone  
  124  11:03  Overlord x4  
  124  11:13  Baneling x6  
  124  11:14  Baneling x16  
  124  11:26  Baneling x4  
Tags
 
Add a new tag
Caveats
  • Supply blocks, unpowered buildings, or Contaminate may cause inaccurate times.
  • Supply counts are checked every 10 seconds.